 Dungeon Crawl Stone Soup version 0.16.2-12-gd0ad4c3 (webtiles) character file.

1415 Peloso the Shield-Bearer (level 8, 0/70 HPs)
             Began as a Minotaur Fighter on Sept 22, 2015.
             Succumbed to a killer bee's poison
             ... on level 7 of the Dungeon.
             The game lasted 00:22:32 (4544 turns).

Peloso the Shield-Bearer (Minotaur Fighter)         Turns: 4544, Time: 00:22:32

Health: 0/70       AC: 19    Str: 23    XL:     8   Next: 43%
Magic:  3/3        EV:  6    Int:  5    God:
Gold:   370        SH: 11    Dex: 10    Spells: 0 memorised, 7 levels left

rFire  . . .     SeeInvis .     a - +1 long sword
rCold  . . .     Clarity  .     i - +0 plate armour
rNeg   . . .     SustAb   .     c - +0 shield
rPois  .         Gourm    .     t - +0 hat
rElec  .         Spirit   .     (no cloak)
rCorr  .         Warding  .     l - +0 pair of gloves
rMut   .         Stasis   .     o - +1 pair of boots
MR     .....                    (no amulet)
Stlth  ..........               j - +2 ring of protection
                                (no ring)

@: lethally poisoned (0 -> -5), not resistant to hostile enchantments, extremely
unstealthy
A: retaliatory headbutt, horns 2
a: no special abilities


You were on level 7 of the Dungeon.
You were very hungry.

You visited 2 branches of the dungeon, and saw 8 of its levels.

You collected 370 gold pieces.

Inventory:

Hand weapons
 a - a +1 long sword (weapon)
Armour
 c - a +0 shield (worn)
 i - a +0 plate armour (worn)
 l - a +0 pair of gloves (worn)
 o - a +1 pair of boots (worn)
 t - a +0 hat (worn)
Jewellery
 j - a +2 ring of protection (right hand)
Magical devices
 y - a wand of random effects (27)
Scrolls
 b - a scroll of identify
 f - 2 scrolls of enchant weapon
 g - 3 scrolls of remove curse
 r - 2 scrolls of recharging {unknown}
 s - a scroll of blinking {unknown}
Potions
 e - a potion of might
 k - a potion of agility
 z - 3 potions of magic
Comestibles
 d - 7 bread rations
 h - 4 meat rations
 n - 4 fruits
 p - 2 beef jerkies
 q - 5 chunks of flesh


   Skills:
 + Level 6.0 Fighting
 + Level 5.8 Long Blades
 + Level 7.3 Armour
 + Level 3.1 Dodging
 + Level 0.8 Stealth
 + Level 7.7 Shields


You had 7 spell levels left.
You didn't know any spells.

Dungeon Overview and Level Annotations

Branches:
Dungeon (7/15)             Temple (1/1) D:5

Altars:
Cheibriados
Gozag
Makhleb
Nemelex Xobeh
Sif Muna
Trog
Vehumet
Xom
Zin
The Shining One


Innate Abilities, Weirdness & Mutations

You reflexively headbutt those who attack you in melee.
You have a pair of horns on your head.


Message History

The killer bee is almost dead.
* * * LOW HITPOINT WARNING * * *
You feel sick. You block the killer bee's attack.
The killer bee zombie barely misses you.
You furiously retaliate!
You headbutt the killer bee zombie. You block the killer bee's attack.
You block the killer bee zombie's attack.
You miss the killer bee. Your headbutt misses the killer bee.
The killer bee is almost dead.
* * * LOW HITPOINT WARNING * * *
You feel sick.
The killer bee stings you but does no damage.
The killer bee zombie hits you but does no damage.
The killer bee stings you but does no damage.
The killer bee zombie hits you but does no damage.
The killer bee barely misses you. You furiously retaliate!
You headbutt the killer bee!
You kill the killer bee!
Your Fighting skill increases to level 6!
You die...

# #.# # #.# ###.#
#.# ##).#
#.####..#
##....##.##
#....## #Z###.#
##....# ##.@...#
###..#..#
#.#####....#
###...##..###c# .
##.....##....go#
#.####....#...5#
#...##..####....#
##.....##
#.!..... ##....#
##..#.g.y #....##
#.###.c.


You could see a killer bee zombie.

Vanquished Creatures
  An orc warrior (D:6)
  2 ogres
  A centaur (D:5)
  6 killer bees (D:7)
  3 crimson imps
  A jelly (D:5)
  A giant frog zombie (D:7)
  The ghost of droidenko the Caller, a weakling FeSu of Zin (D:3)
  A giant frog skeleton (D:4)
  An orc priest (D:6)
  6 orc wizards
  3 worker ants
  A killer bee zombie (D:7)
  Terence (D:3)
  2 worker ant zombies
  A gnoll (D:1)
  14 adders
  A shadow imp (D:3)
  2 giant mites (D:3)
  3 worms
  An adder zombie (D:6)
  An adder skeleton (D:4)
  4 giant geckos
  2 oozes
  15 orcs
  4 ball pythons
  7 bats
  A bat skeleton (D:4)
  9 hobgoblins
  2 jackals (D:1)
  8 kobolds
  5 quokkas
  6 giant cockroaches
  3 giant newts
  9 goblins
  17 rats
146 creatures vanquished.

Vanquished Creatures (others)
  A quokka (D:2)
1 creature vanquished.

Grand Total: 147 creatures vanquished

Notes
Turn   | Place    | Note
--------------------------------------------------------------
     0 | D:1      | Peloso, the Minotaur Fighter, began the quest for the Orb.
     0 | D:1      | Reached XP level 1. HP: 19/19 MP: 1/1
    55 | D:1      | Reached skill level 4 in Shields
    71 | D:1      | Reached XP level 2. HP: 16/27 MP: 1/1
   362 | D:1      | Reached XP level 3. HP: 33/33 MP: 2/2
   534 | D:2      | Found a radiant altar of Vehumet.
   674 | D:2      | Reached skill level 5 in Shields
   748 | D:2      | Reached XP level 4. HP: 40/40 MP: 2/2
   876 | D:2      | Found a bloodstained altar of Trog.
   959 | D:2      | Reached skill level 1 in Dodging
  1292 | D:3      | Reached XP level 5. HP: 33/47 MP: 2/2
  1415 | D:3      | Noticed droidenko's ghost (weakling FeSu)
  1429 | D:3      | Killed droidenko's ghost
  1503 | D:3      | Noticed Terence
  1514 | D:3      | Killed Terence
  1887 | D:3      | Reached XP level 6. HP: 55/55 MP: 3/3
  2179 | D:4      | Reached skill level 5 in Armour
  2362 | D:4      | Reached skill level 5 in Fighting
  2583 | D:4      | Reached skill level 6 in Shields
  2620 | D:5      | Entered Level 5 of the Dungeon
  2658 | D:5      | Found a burning altar of Makhleb.
  2658 | D:5      | Found a shimmering altar of Xom.
  2677 | D:5      | Reached XP level 7. HP: 49/61 MP: 3/3
  2878 | D:5      | Found a deep blue altar of Sif Muna.
  3040 | D:5      | Found a staircase to the Ecumenical Temple.
  3047 | Temple   | Entered the Ecumenical Temple
  3680 | D:6      | Reached skill level 5 in Long Blades
  3700 | D:6      | Reached XP level 8. HP: 19/69 MP: 3/3
  3703 | D:6      | Reached skill level 7 in Shields
  4541 | D:7      | HP: 2/70 [killer bee (5)]
  4544 | D:7      | Succumbed to a killer bee's poison

Action                   |  1- 3 |  4- 6 |  7- 9 || total
-------------------------+-------+-------+-------++-------
Melee: Long sword        |    58 |   213 |   180 ||   451
  Use: Scroll            |     7 |     1 |     8 ||    16
       Potion            |       |       |     3 ||     3
  Eat: Chunk             |       |     6 |     6 ||    12
